 Dungeon Crawl Stone Soup version 0.29-a0-1039-gfc20370e89 (webtiles) character file.

Game seed: 122514853158257877

1586 BritishOli the Trooper (level 8, -10/64 HPs)
             Began as a Demonspawn Fighter on Aug 15, 2022.
             Mangled by Edmund
             ... wielding a +2 flail of distortion
              (14 damage)
             ... on level 5 of the Dungeon.
             The game lasted 00:08:07 (5636 turns).

BritishOli the Trooper (Demonspawn Fighter)         Turns: 5636, Time: 00:08:08

Health: -10/64     AC: 11    Str: 17    XL:     8   Next: 61%
Magic:  8/8        EV:  9    Int:  7    God:
Gold:   387        SH:  6    Dex: 17    Spells: 7/7 levels left

rFire   . . .      SeeInvis .   a - +0 long sword
rCold   . . .      Faith    .   c - +0 buckler
rNeg    . . .      Spirit   .   b - +0 scale mail
rPois   +          Reflect  .   (no helmet)
rElec   .          Harm     .   p - +0 cloak
rCorr   .          Rampage  .   (no gloves)
Will    .....                   (no boots)
Stlth   ..........              (no amulet)
HPRegen 0.20/turn               o - ring of poison resistance
MPRegen 0.11/turn               (no ring)

@: no status effects
A: slimy green scales 2, foul stench 3, claws 1, agile 1, dopey 1, sense
surroundings 1
a: no special abilities


You were on level 5 of the Dungeon.
You visited 1 branch of the dungeon, and saw 5 of its levels.

You collected 387 gold pieces.

Inventory:

Hand Weapons
 a - a +0 long sword (weapon)
Armour
 b - a +0 scale mail (worn)
 c - a +0 buckler (worn)
 p - a +0 cloak (worn)
Jewellery
 o - a ring of poison resistance (left claw)
 s - a ring of magical power
 w - an amulet of faith
Wands
 v - a wand of light (1)
Scrolls
 e - 2 scrolls of blinking {unknown}
 g - 2 scrolls of identify {unknown}
 h - 3 scrolls of enchant weapon {unknown}
 i - 3 scrolls of amnesia {unknown}
 j - a scroll of magic mapping {unknown}
 l - a scroll of enchant armour {unknown}
 m - 2 scrolls of teleportation {unknown}
 q - a scroll of butterflies {unknown}
 t - a scroll of torment {unknown}
 u - a scroll of vulnerability {unknown}
Potions
 d - a potion of might
 f - a potion of attraction {unknown}
 k - a potion of invisibility {unknown}
 n - 2 potions of curing {unknown}
 r - a potion of berserk rage {unknown}
 x - a potion of brilliance


   Skills:
 * Level 6.3 Fighting
 * Level 5.4 Long Blades
 + Level 5.5 Armour
 + Level 5.5 Shields


You had 7 spell levels left.
You didn't know any spells.
Your spell library contained the following spells:

 Spells                   Type           Power      Damage    Failure   Level
 Cause Fear               Hex            0%         N/A       100%        4
 Dragon Form              Tmut           0%         N/A       100%        7
 Dragon's Call            Summ           0%         N/A       100%        9


Dungeon Overview and Level Annotations

Branches:
Dungeon (5/15)
 Temple: D:4-7

Altars:
Kikubaaqudgha
Sif Muna

Shops:
D:1 *[[

Annotations:
D:5 Edmund


Innate Abilities, Weirdness & Mutations

You are mostly covered in slimy green scales. (AC +3)
You frequently emit foul miasma when damaged in melee.
You have sharp fingernails.
You are agile. (Dex +4, Str/Int -1)
You are dopey. (Int -2)
You passively map a small area around you.


Message History

No target in view!
No target in view!
Found a robe.
No target in view!
There is a shaft here.
Found a scythe.
No target in view!
Edmund and an ogre come into view.
Edmund is wielding a +2 flail of distortion.
Found a robe.
Edmund shouts!
The ogre shouts!
You slash the ogre!
The ogre is heavily wounded.
The ogre hits you with a +0 giant spiked club!!
You barely miss the ogre.
The ogre is heavily wounded.
The ogre hits you with a +0 giant spiked club.
You emit a cloud of foul miasma!
You slash the ogre!
The ogre is almost dead.
The ogre is engulfed in dark miasma.
The ogre is poisoned.
You kill the ogre!
You closely miss Edmund.
Edmund hits you with a +2 flail of distortion.
Space warps around you.
You emit a cloud of foul miasma!
You hit Edmund.
Edmund is lightly wounded.
Edmund is engulfed in dark miasma.
Edmund is poisoned.
Edmund seems to slow down.
Edmund hits you with a +2 flail of distortion!
* * * LOW HITPOINT WARNING * * *
Space warps around you.
* * * LOW HITPOINT WARNING * * *
You closely miss Edmund.
Edmund is lightly wounded.
Edmund is engulfed in dark miasma.
Edmund looks even sicker.
Edmund hits you with a +2 flail of distortion!
* * * LOW HITPOINT WARNING * * *
Space warps horribly around you!
You die...

#..#.##,,
#.####.## #..#..##
*#.# #... ..#..)#
.#.# #..#
#.#..##..#.# #..#
#.#......#.# ##..#
#.....# #.# #...#
#.....#, #.# #<...
#@#...# #.# #...#
#@#...# #.# ###.#
#.#...# #.## #.#
#.#...# #..####.#
#.#.... #..##.#.#
#.#[#... #.......#
#.########.#.#.#.#
#...........##.#..
##.####..........#
#......###.##.##.


You could see Edmund (very poisoned, slow).

Vanquished Creatures
  Pikel (D:5)
  Eustachio (D:4)
  Menkaure (D:4)
  A water moccasin (D:5)
  A black bear (D:5)
  3 ogres (D:5)
  A necrophage (D:3)
  2 scorpions
  A hound (D:4)
  An iguana (D:5)
  8 gnolls (D:5)
  3 adders
  An ufetubus (D:5)
  A worm (D:2)
  3 orcs
  11 ball pythons
  5 endoplasms
  3 giant cockroaches
  A goblin (D:4)
  12 hobgoblins
  6 jackals
  3 quokkas
  7 bats
  7 frilled lizards
  9 kobolds
  7 rats
100 creatures vanquished.

Notes
Turn   | Place    | Note
-------+----------+-------------------------------------------
     0 | D:1      | BritishOli the Demonspawn Fighter began the quest for the
                  | Orb.
     0 | D:1      | Reached XP level 1. HP: 18/18 MP: 1/1
    68 | D:1      | Found Ovecit's Armour Emporium.
   221 | D:1      | Found Xusoris's Antique Armour Emporium.
   281 | D:1      | Gained mutation: You are partially covered in slimy green
                  | scales. (AC +2) [demonic ancestry]
   281 | D:1      | Reached XP level 2. HP: 18/24 MP: 2/2
   472 | D:1      | Found Ohetit's Assorted Antiques.
   716 | D:1      | Gained mutation: You may rarely emit foul miasma when
                  | damaged in melee. [demonic ancestry]
   716 | D:1      | Reached XP level 3. HP: 10/29 MP: 3/3
  1597 | D:2      | Found a faded altar of an unknown god.
  2040 | D:3      | Reached XP level 4. HP: 34/35 MP: 4/4
  2052 | D:3      | Gained mutation: You are dopey. (Int -2) [potion of
                  | mutation]
  2052 | D:3      | Gained mutation: You have sharp fingernails. [potion of
                  | mutation]
  2052 | D:3      | Gained mutation: You have hidden genetic potential. [potion
                  | of mutation]
  2254 | D:3      | Found a shimmering blue altar of Sif Muna.
  2805 | D:3      | Noticed a necrophage
  2822 | D:3      | Killed a necrophage
  2823 | D:3      | Gained mutation: You sometimes emit foul miasma when
                  | damaged in melee. [demonic ancestry]
  2823 | D:3      | Reached XP level 5. HP: 33/42 MP: 5/5
  2836 | D:3      | Gained mutation: You passively map a small area around you.
                  | [hidden potential]
  3295 | D:4      | Reached skill level 4 in Fighting
  3423 | D:4      | Noticed Eustachio
  3456 | D:4      | Killed Eustachio
  3457 | D:4      | Gained mutation: You frequently emit foul miasma when
                  | damaged in melee. [demonic ancestry]
  3457 | D:4      | Reached XP level 6. HP: 16/49 MP: 6/6
  3475 | D:4      | Gained mutation: You are agile. (Dex +4, Str/Int -1)
                  | [hidden potential]
  3475 | D:4      | Lost mutation: You have hidden genetic potential. [hidden
                  | potential expressed]
  3662 | D:4      | Noticed Menkaure
  3669 | D:4      | Killed Menkaure
  3670 | D:4      | Gained mutation: You are mostly covered in slimy green
                  | scales. (AC +3) [demonic ancestry]
  3670 | D:4      | Reached XP level 7. HP: 29/55 MP: 7/7
  4203 | D:5      | Entered Level 5 of the Dungeon
  4482 | D:5      | Noticed Pikel
  4510 | D:5      | Killed Pikel
  4511 | D:5      | Reached skill level 5 in Fighting
  4511 | D:5      | Reached skill level 5 in Armour
  4511 | D:5      | Reached skill level 5 in Shields
  4511 | D:5      | Reached XP level 8. HP: 40/63 MP: 8/8
  5136 | D:5      | Reached skill level 6 in Fighting
  5136 | D:5      | Reached skill level 5 in Long Blades
  5313 | D:5      | Found an ancient bone altar of Kikubaaqudgha.
  5619 | D:5      | Noticed Edmund
  5636 | D:5      | Mangled by Edmund

Illustrated notes

Levels and vault maps discovered:
D:1:      lightli_arrival_isolated_outpost, layout_rooms, serial_shops,
          nicolae_shop_overgrown_old_shop, shop, shop
D:2:      layout_basic, hellmonk_ecumenical_altar_blasted
D:3:      layout_loops_ring, overflow_temple_1_default
D:4:      layout_basic, minmay_misc_feat_alley, uniq_eustachio, uniq_menkaure
D:5:      layout_loops_ring, kiku_gazebo_garden_becter,
          nicolae_elyvilon_temple_path, minivault_23, minmay_misc_feat_iff,
          sigmund_edmund_badplayer, uniq_pikel

Skill      XL: |  1  2  3  4  5  6  7  8 |
---------------+-------------------------+-----
Long Blades    | 2 3 4 5 |  5.4
Armour         | 3 4 5 |  5.5
Shields        | 3 4 5 |  5.5
Fighting       | 4 5 6 |  6.3

Action                   |  1- 3 |  4- 6 |  7- 9 || total
-------------------------+-------+-------+-------++-------
Melee: Long sword        |   177 |   103 |    94 ||   374
  Use: Potion            |       |     3 |       ||     3
Armor: Scale mail        |   105 |    71 |    30 ||   206
Dodge: Dodged            |    84 |    59 |    44 ||   187
Block: Buckler           |    56 |    36 |    35 ||   127

Table legend: (Time is in decaauts)
 A = Elapsed time spent in this place.
 B = Non-inter-level travel time spent in this place.
 C = Inter-level travel time spent in this place.
 D = Time resting spent in this place.
 E = Time spent auto-exploring this place.
 F = Levels seen in this place.
 G = Mean time per level.
                   A        B        C        D        E       F      G
               +--------+--------+--------+--------+--------+-----+--------+
         Total |   5749 |   5656 |     93 |    761 |   4072 |   5 | 1149.8 |
       Dungeon |   5749 |   5656 |     93 |    761 |   4072 |   5 | 1149.8 |
               +--------+--------+--------+--------+--------+-----+--------+

Top non-repeatable levels by time:
     D:5: 1452 daAuts
     D:4: 1241 daAuts
     D:1: 1079 daAuts
     D:2: 992 daAuts
     D:3: 984 daAuts
